[Event "*** Titled Tuesday Blitz"]
[Site "Chess.com"]
[Date "2020.03.03"]
[Round "1"]
[White "Shahinyan_ChessMood"]
[Black "RemcoSpr"]
[Result "1-0"]
[WhiteElo "2632"]
[BlackElo "2263"]
[TimeControl "180+1"]
[EndTime "13:08:28 PST"]
[Termination "Shahinyan_ChessMood won by resignation"]

1. e4 c5 2. Nc3 a6 3. g3 e6 4. Bg2 b5 5. d3 Bb7 6. Nh3 b4 7. Ne2 d5 8. O-O dxe4 9. dxe4 Nc6 10. a3 a5 11. Be3 Nf6 12. Nhf4 Ne5 13. Qxd8+ Rxd8 14. axb4 axb4 15. f3 Nc4 16. Bc1 Bd6 17. Nd3 e5 18. Ra7 Rd7 19. b3 Nb6 20. Be3 Rc7 21. Nxb4 cxb4 22. Bxb6 Rc6 23. Bf2 Ba6 24.
Ra1 Bxe2 25. Ra8+ Ke7 26. Rxh8 Rxc2 27. Ra7+ Nd7 28. Be3 Rc7 29. Rha8 Bd1 30. Rxc7 Bxc7 31. Ra7 Kd8 32. Rb7 Bxb3 33. Rxb4 Be6 34. Kf2 Bd6 35.
Rb1 Nc5 36. Bf1 Kc7 37. Rc1 Kb6 38. Bc4 Bxc4 39. Rxc4 Kb5 40. Rc2 g6 41. h4 f5 42.
exf5 gxf5 43. Rd2 Kc6 44. g4 f4 45. Bxc5 Bxc5+ 46. Ke2 Bd4 47. Rxd4 exd4 48. Kd3 Kd5 49. h5 h6 50. g5 hxg5 51. h6 g4 52. fxg4 f3 53.
h7 f2 54. Ke2 d3+ 55. Kxf2 1-0

[Event "*** Titled Tuesday Blitz"]
[Site "Chess.com"]
[Date "2020.03.03"]
[Round "1"]
[White "kismet6"]
[Black "Hasangatin_Ramil"]
[Result "0-1"]
[WhiteElo "1994"]
[BlackElo "2550"]
[TimeControl "180+1"]
[EndTime "13:08:31 PST"]
[Termination "Hasangatin_Ramil won on time"]

1. e4 d5 2. exd5 Qxd5 3. Nc3 Qd6 4. d4 Nf6 5. Nf3 a6 6. Ne5 Nc6 7. Nxc6 Qxc6 8. d5 Qd6 9. h3 e6 10. Bc4 b5 11. Bb3 b4 12. Ba4+ Bd7 13. dxe6 Qxd1+ 14. Kxd1 fxe6 15. Bxd7+ Nxd7 16. Ne4 O-O-O 17. Ke2 h6 18. Bf4 Nf6 19. Nxf6 gxf6 20. Rad1 Rd5 21. Rxd5 exd5 22. Rd1 c6 23. c4 bxc3 24. bxc3 Bc5 25. c4 d4 26. Kd3 h5 27. Re1 Kd7 28. Rb1 Rg8 29.
Rb7+ Ke6 30. g3 Rc8 31. Rc7 Rxc7 32. Bxc7 Ba7 33. g4 hxg4 34. hxg4 c5 35. f4 Kd7 36. g5 fxg5 37. fxg5 Ke6 38. Bd8 Kf5 39. Be7 Bb6 40. a4 Ke6 41. Bf6 Kf5 42. Be7 Ke6 43. Bf6 Ba5 44. Ke4 Bb4 45. Bxd4 cxd4 46. Kxd4 Kf5 47.
Kd5 Kxg5 48. c5 Kf6 49. c6 Ke7 50. c7 Kd7 51. c8=Q+ Kxc8 52. Kc6 a5 53. Kb6 Kd7 54.
Kb7 Ke6 55. Kc6 Ke5 56. Kb5 Kd4 57. Kc6 Kc3 58. Kb5 Kb3 0-1

[Event "*** Titled Tuesday Blitz"]
[Site "Chess.com"]
[Date "2020.03.03"]
[Round "1"]
[White "Amirreza_p"]
[Black "Poghosyan_Suren"]
[Result "0-1"]
[WhiteElo "2791"]
[BlackElo "2442"]
[TimeControl "180+1"]
[EndTime "13:08:32 PST"]
[Termination "Poghosyan_Suren won on time"]

1. e4 e6 2. d4 d5 3. e5 c5 4. c3 Nc6 5. Nf3 Nh6 6. Bxh6 gxh6 7. dxc5 Bxc5 8. Bd3 Rg8 9. O-O Nxe5 10. Nxe5 Qg5 11.
g3 Qxe5 12. Bxh7 Rg7 13. Bc2 h5 14. Kh1 Bd7 15. Nd2 Bc6 16. Nf3 d4 17. Ba4 Qd5 18.
Bxc6+ bxc6 19. cxd4 Bb6 20. Qe2 h4 21. Rad1 O-O-O 22. Kg2 Rdg8 23. Rd3 Bc7 24. Rg1 Rg4 25. Kf1 Qf5 26.
Nxh4 Qh5 27. h3 Rxh4 28. gxh4 Rxg1+ 29. Kxg1 Qxe2 30. Re3 Qd1+ 31. Kg2 Qxd4 32. Rf3 Qxh4 33. Rxf7 Qg5+ 34. Kf1 Qc1+ 35. Kg2 Qg5+ 36. Kf1 a5 37. b3 Qb5+ 38. Kg2 Qd5+ 39. Kf1 e5 40. Rf8+ Kd7 41.
h4 Bd6 0-1

[Event "*** Titled Tuesday Blitz"]
[Site "Chess.com"]
[Date "2020.03.03"]
[Round "1"]
[White "Alohamora11"]
[Black "rasmussvane"]
[Result "1/2-1/2"]
[WhiteElo "2493"]
[BlackElo "2891"]
[TimeControl "180+1"]
[EndTime "13:08:34 PST"]
[Termination "Game drawn by repetition"]

1. e4 c6 2. d4 d5 3. exd5 cxd5 4. c4 Nf6 5. Nc3 g6 6. Qb3 Bg7 7. cxd5 O-O 8. Be2 Na6 9. Bf3 b5 10. a3 Rb8 11. Bf4 Rb6 12. Nge2 Bb7 13. O-O Qd7 14. Be5 Rd8 15. Nf4 g5 16. Nh5 g4 17.
Bxf6 gxf3 18. Bxg7 Qg4 19. Ng3 Kxg7 20. Qd1 Bxd5 21.
Nxd5 Rxd5 22. Qxf3 Qxf3 23. gxf3 e6 24. Ne2 Rf5 25. Kg2 Nc7 26. f4 Nd5 27. Kf3 Kf6 28.
Rac1 Rd6 29. Ke4 Ke7 30. Rc8 Rh5 31. Ng3 Rxh2 32. f5 Rh4+ 33. f4 Rh3 34. Rg1 Rh4 35. Rf1 Rh2 36. fxe6 fxe6 37. f5 Rxb2 38. fxe6 Nf6+ 39.
Rxf6 Kxf6 40. d5 Rb1 41. Rf8+ Ke7 42. Rf7+ Ke8 43. Nf5 Re1+ 44. Kd4 Rexe6 45. Nxd6+ Rxd6 46. Rxa7 h5 47. Rh7 Ra6 48. Rxh5 Rxa3 49. Kc5 Ra6 50.
Kxb5 Rg6 51. Kc5 Kd7 52. Re5 Rg1 53. Re4 Rc1+ 54. Rc4 Ra1 55. Rh4 Ra6 56. Rh7+ Kd8 57.
d6 Ra1 58. Kd5 Rd1+ 59. Ke6 Re1+ 60. Kd5 Rd1+ 61. Ke6 Re1+ 62. Kd5 Rd1+ 1/2-1/2

[Event "*** Titled Tuesday Blitz"]
[Site "Chess.com"]
[Date "2020.03.03"]
[Round "1"]
[White "Sibelephant"]
[Black "ChainsOfFantasia"]
[Result "0-1"]
[WhiteElo "3023"]
[BlackElo "2540"]
[TimeControl "180+1"]
[EndTime "13:08:40 PST"]
[Termination "ChainsOfFantasia won by resignation"]

1. Nf3 Nf6 2. g3 e6 3. Bg2 d5 4.
O-O Be7 5. d3 O-O 6. Nbd2 c5 7.
e4 Nc6 8. Re1 b5 9. a4 b4 10.
exd5 Nxd5 11. Nc4 Bb7 12. h4 Qc7 13. Bg5 h6 14. Bxe7 Qxe7 15. Nfd2 Rad8 16. Nb3 Nd4 17. Nxd4 cxd4 18. Qd2 Qc7 19. Re2 Rb8 20. Rae1 b3 21. cxb3 Ba8 22. Qd1 Qb7 23. Nd2 Qb6 24. Re5 Rfd8 25.
Qg4 Nf6 26. Qe2 Bxg2 27. Kxg2 Rd5 28. Rxd5 Nxd5 29. Qe5 Qb4 30. Re2 Rc8 31. Nf3 Qxb3 32. Qxd4 a5 33. Ne5 Qb7 34. Qe4 Rb8 35. Nc4 Qb4 36. Ne5 Nf6 37. Qf3 Qxa4 38. g4 Qe8 39. g5 hxg5 40. hxg5 Nd5 41. Rc2 Qe7 42. Qg3 Ra8 43.
g6 fxg6 44. Nxg6 Qf6 45. Re2 Qxg6 46. Qxg6 Nf4+ 47. Kg3 Nxg6 48. Rxe6 Kf7 49. Rd6 Rb8 50. Rd7+ Kf6 51. Rd6+ Kf7 52. Rd7+ Ne7 53. Ra7 Rxb2 54. Kf3 Ra2 55. Ke3 a4 56. f4 Kf6 57. Ra6+ Kf7 58.
Ke4 a3 59. d4 Ra1 60. Kf3 a2 61. Kg2 Nd5 62. f5 Ne3+ 63. Kh2 Nxf5 64. d5 g5 65. Ra4 g4 66. Ra7+ Kf6 67. d6 Nxd6 68. Ra4 Nf5 69. Rxa2 Rxa2+ 0-1

[Event "*** Titled Tuesday Blitz"]
[Site "Chess.com"]
[Date "2020.03.03"]
[Round "1"]
[White "JustDazzled"]
[Black "x-3738459472"]
[Result "0-1"]
[WhiteElo "1963"]
[BlackElo "2548"]
[TimeControl "180+1"]
[EndTime "13:08:40 PST"]
[Termination "x-3738459472 won by resignation"]

1. c4 Nf6 2. g3 e6 3. Nf3 b6 4.
Bg2 Bb7 5. O-O Be7 6. b3 O-O 7. Bb2 d5 8. cxd5 exd5 9. Ne5 Nbd7 10. Nxd7 Qxd7 11. Nc3 Rad8 12. d4 Rfe8 13. e3 a6 14. a4 h5 15. h3 Bc8 16. Rc1 Bd6 17. h4 Qf5 18. Qc2 Qg4 19. Qe2 Qg6 20. Nxd5 Nxd5 21.
Bxd5 Bh3 22. Bg2 Bg4 23. Qc2 Bf5 24. e4 Bxe4 25. Bxe4 Rxe4 26. Rce1 Rde8 27. Rxe4 Rxe4 28. Kg2 a5 29. Qd3 f5 30. Qf3 Rxh4 31. Re1 Re4 32. Rxe4 fxe4 33. Qe3 h4 34. d5 hxg3 35. fxg3 Qf5 36.
Qc3 Qg4 37. Qe3 Bc5 38. Qc3 e3 39. Qe5 Bd6 40. Qe8+ Kh7 41. Qxe3 Qf5 42. Qf3 Qc2+ 43. Qf2 Qg6 44. Qf3 Bc5 45. Kh3 Qh6+ 46. Kg4 Bd6 47.
Bd4 Qg6+ 48. Kh3 Qh6+ 49. Kg4 Kg8 50. Qf5 Kh8 51. Qc8+ Kh7 52. Qf5+ Qg6+ 53. Qxg6+ Kxg6 54. Kf3 Bf8 55. g4 Kf7 56. Be5 Bd6 57. Bxd6 cxd6 58. Ke4 Kf6 59. Kf4 Kg6 60. g5 Kh5 61. Kf5 Kh4 62. Kg6 Kg4 63. Kxg7 Kxg5 64. Kf7 Kf5 65. Ke7 Ke5 66. Kd7 Kxd5 67. Kc7 Kc5 68. b4+ 0-1

[Event "*** Titled Tuesday Blitz"]
[Site "Chess.com"]
[Date "2020.03.03"]
[Round "1"]
[White "MusicCityMaster"]
[Black "Blitzstream"]
[Result "1-0"]
[WhiteElo "2386"]
[BlackElo "2699"]
[TimeControl "180+1"]
[EndTime "13:08:42 PST"]
[Termination "MusicCityMaster won by checkmate"]

1. d4 d5 2. Bf4 Nf6 3. Nc3 a6 4. e3 e6 5. g4 c5 6. g5 Nfd7 7. Bg2 cxd4 8. exd4 Nc6 9. Nge2 Qb6 10. O-O Qxb2 11.
Rb1 Qa3 12. Qd3 Be7 13. Rfe1 b5 14. Rb3 Qa5 15. Ng3 O-O 16. Nh5 Bb7 17. a4 Nb4 18.
Qg3 Nxc2 19. Rd1 bxa4 20. Rxb7 Qd8 21. Rxd7 Qxd7 22. Nf6+ Bxf6 23. gxf6 g6 24. Qg5 Kh8 25. Qh6 Rg8 26. Rd3 e5 27. Bxe5 g5 28. Bxd5 Rg6 29.
Qh5 a3 30. Bxa8 Ne1 31. Re3 Qc8 32. Qe2 Qxa8 33. Qxe1 g4 34. d5 h5 35. d6 h4 36.
d7 h3 37. Rg3 Qd8 38. Qd2 Kg8 39. Nb1 a2 40. Qxa2 Qxd7 41. Qxa6 Qd1+ 42. Qf1 Qd5 43.
Qe2 Rg5 44. Bf4 Rg6 45. Nd2 Qf5 46. Be3 Qxf6 47. Rxg4 Qa1+ 48. Nf1 Qa8 49. Rxg6+ fxg6 50. Qg4 Kg7 51. Qxh3 Qb7 52. Qg3 Kh7 53. h4 Qd5 54. Qg5 Qd1 55. Qh6+ Kg8 56. Qf4 Kh7 57. Kg2 Qd5+ 58.
Kg3 Qa2 59. Bd4 Kg8 60. Qf6 Qb3+ 61. Ne3 Qb7 62. Qh8+ Kf7 63. Qg7+ Ke6 64. Qxb7 g5 65. Qg7 gxh4+ 66. Kxh4 Kd6 67. Qe5+ Kd7 68. Bc5 Kc6 69. Nc4 Kb5 70. Qd6 Kxc4 71. Qd4+ Kb5 72. Ba7 Kc6 73. Qc5+ Kb7 74. Kg5 Ka8 75. Kf6 Kb7 76. Ke7 Ka8 77.
Kd7 Kb7 78. Qb6+ Ka8 79. Qb8# 1-0

[Event "*** Titled Tuesday Blitz"]
[Site "Chess.com"]
[Date "2020.03.03"]
[Round "1"]
[White "GrigorGrigorov"]
[Black "Godzillator"]
[Result "1-0"]
[WhiteElo "2753"]
[BlackElo "2399"]
[TimeControl "180+1"]
[EndTime "13:08:45 PST"]
[Termination "GrigorGrigorov won by resignation"]

1. d4 d5 2. c4 c6 3. cxd5 cxd5 4. Nf3 Nf6 5. Nc3 a6 6. Bf4 Nc6 7. Rc1 Bg4 8. Ne5 Bd7 9. e3 e6 10. Bd3 Be7 11. Bg3 O-O 12. O-O Nxe5 13. dxe5 Ne8 14. e4 Bc6 15. exd5 Bxd5 16. Nxd5 Qxd5 17. Qc2 g6 18. Be4 Qb5 19. Rfd1 Ng7 20. Qc7 Bg5 21. f4 Bh6 22. Qxb7 Rab8 23. Qxb5 Rxb5 24. b3 Nh5 25. Rf1 Rb4 26. Rc4 Rfb8 27. Rfc1 Bxf4 28. Bxf4 Nxf4 29. Kf2 a5 30. Ke3 Nd5+ 31. Bxd5 exd5 32. Rd4 R4b5 33. Rc7 Re8 34. Kf4 Rd8 35. e6 fxe6 36.
Ke5 Rb6 37. Rf4 Rf8 38. Rf6 d4 39. Rxf8+ Kxf8 40. Kxd4 a4 41. bxa4 Rb4+ 42. Kc3 Rxa4 43. Kb3 Rh4 44. a4 Rxh2 45. a5 Rxg2 46. a6 Rg3+ 47. Kb4 Rg4+ 48. Kb5 Rg1 49. a7 Ra1 50. Kc5 h5 51. Kd4 g5 52. Ke3 Ra3+ 53. Kd4 h4 54.
Rc8+ Kf7 55. a8=Q Rxa8 56. Rxa8 Kg6 57. Ke4 g4 58. Kf4 g3 59. Rh8 g2 60. Rg8+ Kh5 61.
Rxg2 h3 62. Rg8 Kh6 63. Rh8+ Kg7 64. Rxh3 Kf6 65. Ke4 Kg5 66. Rf3 Kg6 67. Rf1 Kg5 68. Ke5 1-0

[Event "*** Titled Tuesday Blitz"]
[Site "Chess.com"]
[Date "2020.03.03"]
[Round "1"]
[White "Misi_95"]
[Black "ajian"]
[Result "1-0"]
[WhiteElo "2651"]
[BlackElo "2298"]
[TimeControl "180+1"]
[EndTime "13:08:50 PST"]
[Termination "Misi_95 won on time"]

1. e4 c5 2. Nf3 Nc6 3. Bb5 g6 4.
Bxc6 dxc6 5. d3 Bg7 6. h3 Nf6 7. Be3 b6 8. Qd2 O-O 9. Bh6 Qc7 10. Bxg7 Kxg7 11. Qc3 Re8 12. Ne5 Be6 13. Nd2 Rad8 14. f4 Kg8 15. O-O Nd7 16. Nxd7 Qxd7 17. Nf3 f6 18. a4 a5 19. Kh1 Bf7 20. Rae1 Rf8 21. b3 Qc7 22. f5 e5 23. fxe6 Bxe6 24.
e5 f5 25. Qd2 Kg7 26. h4 h6 27. Ng1 Qe7 28. Qf2 g5 29. g3 Rh8 30. Kh2 Rdf8 31. Nh3 Kg6 32. Rg1 Bd5 33. c4 Be6 34.
Qf3 Kg7 35. Qxc6 Rd8 36. Re3 Rd7 37. Qxb6 Rhd8 38. hxg5 hxg5 39. Nf2 Rb7 40. Qxa5 Rxb3 41.
Re2 Rh8+ 42. Kg2 Qb7+ 43. Kf1 Rb1+ 44. Re1 Kg6 45. Qd2 Rxe1+ 46. Kxe1 Qb1+ 47. Qd1 Qb4+ 48. Qd2 Qxa4 49. Rh1 Rxh1+ 50. Nxh1 Qa1+ 51. Qd1 Qxd1+ 52. Kxd1 f4 53. gxf4 gxf4 54. Nf2 Kf5 55. Ke2 Bd7 56. Ne4 Kxe5 57. Nxc5 Bc6 58. Nb3 f3+ 59. Ke3 Be8 60. Nd2 f2 61. d4+ Kf5 62. Kxf2 Kf4 63.
Ke2 Bf7 64. Kd3 1-0

[Event "*** Titled Tuesday Blitz"]
[Site "Chess.com"]
[Date "2020.03.03"]
[Round "1"]
[White "josmito10"]
[Black "SCIM"]
[Result "1-0"]
[WhiteElo "2848"]
[BlackElo "2471"]
[TimeControl "180+1"]
[EndTime "13:08:53 PST"]
[Termination "josmito10 won by resignation"]

1. d4 Nf6 2. c4 g6 3. Nc3 d5 4. Bf4 Bg7 5. e3 O-O 6. Nf3 c5 7. dxc5 Ne4 8. Rc1 Nxc3 9. bxc3 Qa5 10.
Be5 Bxe5 11. Nxe5 dxc4 12. Nxc4 Qxc5 13. Qd4 Qc7 14. Be2 Nc6 15. Qh4 Be6 16. O-O Rfd8 17.
Bf3 Rac8 18. Rfd1 Rxd1+ 19. Rxd1 Bxc4 20. Qxc4 Ne5 21. Qxc7 Nxf3+ 22. gxf3 Rxc7 23. Rb1 b6 24. Rb3 f5 25. f4 Kf7 26. Kf1 Kf6 27. Ke2 e5 28.
fxe5+ Kxe5 29. f4+ Kf6 30. Ra3 g5 31. fxg5+ Kxg5 32. Kd3 Kg4 33. Ra4+ Kh3 34. Rf4 Kxh2 35. Rxf5 Kg3 36. Rh5 Kg4 37. Rh6 Kg5 38. Rh1 h5 39. Kd4 h4 40. e4 Rd7+ 41. Ke5 Rh7 42. Rg1+ Kh5 43. Kf6 h3 44. e5 h2 45. Rh1 Kg4 46.
e6 Rh6+ 47. Kf7 Rh7+ 48. Kg6 Rh3 49. e7 Re3 50. Kf7 Rf3+ 51. Ke6 Re3+ 52. Kd7 Rd3+ 53. Ke8 Kg3 54. Re1 Kf2 55. Rb1 Kg2 56. Kf8 Rf3+ 57. Kg7 Rg3+ 58. Kf7 Re3 59. e8=Q Rxe8 60. Kxe8 h1=Q 61.
Rxh1 Kxh1 62. Kd7 Kg2 63. Kc6 Kf3 64. Kb7 Ke3 65. Kxa7 Kd3 66. Kxb6 Kxc3 67. a4 Kb4 68. a5 1-0

[Event "*** Titled Tuesday Blitz"]
[Site "Chess.com"]
[Date "2020.03.03"]
[Round "1"]
[White "Bagirova"]
[Black "GameOverBro"]
[Result "0-1"]
[WhiteElo "2138"]
[BlackElo "2583"]
[TimeControl "180+1"]
[EndTime "13:08:56 PST"]
[Termination "GameOverBro won by resignation"]

1. e4 d6 2. d4 Nf6 3. Nc3 e5 4. dxe5 dxe5 5. Qxd8+ Kxd8 6. Bg5 Be6 7. O-O-O+ Kc8 8. Nf3 Nbd7 9. h3 c6 10. Bh4 Bb4 11.
Ng5 Re8 12. Nxe6 fxe6 13. f3 Kc7 14. g4 a5 15. Bg3 a4 16. a3 Bxc3 17. bxc3 Ra5 18.
Bd3 Rc5 19. Kb2 Ra8 20. Rd2 Nb6 21. f4 Nfd7 22. fxe5 Nxe5 23. Bxe5+ Rxe5 24. Rf1 Rd8 25. Rf7+ Rd7 26. Rxd7+ Nxd7 27. Rf2 g6 28. Rf7 h5 29. gxh5 gxh5 30. Rh7 Kd6 31. c4 Nc5 32. Kc3 Rg5 33.
Rf7 b6 34. h4 Rg3 35. e5+ Kxe5 36. Rh7 Ne4+ 37. Kb2 Nf6 38. Rh6 Rg4 39. Rh8 Rxh4 40.
Rb8 Nd7 41. Rd8 Kd6 42. Bg6 Kc7 43. Rh8 Nc5 44. Rh7+ Kd6 45. Rxh5 Rxc4 46. Bd3 Nxd3+ 47. cxd3 Rd4 48. Kc3 Rd5 49. Rh8 Kc5 50. Rb8 b5 51. Re8 e5 52. Re6 Kb6 53. Rh6 Rc5+ 54. Kb4 Rc1 55.
Re6 Rb1+ 56. Kc3 Rb3+ 57. Kc2 Rxa3 58. Rxe5 b4 59. Kb2 Rb3+ 60. Kc2 Rc3+ 61. Kd2 a3 62. Rh5 a2 63. Rh1 Ra3 64. Ra1 Kb5 65. Kc2 c5 66. d4 cxd4 67. Kb2 d3 68. Kc1 Kc4 69. Kd2 Kb3 70. Kxd3 Kb2+ 0-1

[Event "*** Titled Tuesday Blitz"]
[Site "Chess.com"]
[Date "2020.03.03"]
[Round "1"]
[White "HouseOfDurin"]
[Black "nocnypako"]
[Result "0-1"]
[WhiteElo "2084"]
[BlackElo "2571"]
[TimeControl "180+1"]
[EndTime "13:08:57 PST"]
[Termination "nocnypako won by resignation"]

1. d4 Nf6 2. Bg5 g6 3. Bxf6 exf6 4. c4 Bg7 5. Nc3 O-O 6. g3 c5 7. e3 Nc6 8. Nge2 cxd4 9. exd4 f5 10. Bg2 Qb6 11. Bxc6 dxc6 12. Qb3 Bxd4 13. Qxb6 Bxc3+ 14. Nxc3 axb6 15. O-O-O Be6 16. b3 Rfd8 17. f4 Kf8 18.
h4 Ke7 19. Rxd8 Rxd8 20. Rd1 Rg8 21. Na4 b5 22. cxb5 cxb5 23. Nc3 b4 24. Nd5+ Bxd5 25. Rxd5 Rc8+ 26. Kb2 Rc3 27. Rb5 Rxg3 28. Rxb7+ Kd6 29. Rxb4 Rg4 30. a4 Rxh4 31. a5 Rh2+ 32. Kc3 Ra2 33. Rb7 Rxa5 34. Rxf7 Kd5 35. Rxh7 Ke4 36. Rh4 Kf3 37.
Kb4 Ra8 38. Rh1 Kxf4 39. Rf1+ Ke5 40. Kc5 Rc8+ 41. Kb5 Rb8+ 42. Kc4 g5 43. b4 g4 44. Kc5 g3 45. Re1+ Kf4 46. Rf1+ Kg4 47. b5 f4 48. Kc6 f3 49. b6 g2 50. Ra1 f2 51.
Ra4+ Kg3 52. Kc7 Rxb6 53. Kxb6 f1=Q 54. Ra3+ Kh2 55. Rc3 g1=Q+ 56. Kc6 Qf6+ 57. Kb5 Qxc3 58. Ka4 Qga1+ 59. Kb5 Qab2+ 0-1

[Event "*** Titled Tuesday Blitz"]
[Site "Chess.com"]
[Date "2020.03.03"]
[Round "1"]
[White "Hrant_ChessMood"]
[Black "ama18"]
[Result "0-1"]
[WhiteElo "2934"]
[BlackElo "2519"]
[TimeControl "180+1"]
[EndTime "13:09:01 PST"]
[Termination "ama18 won on time"]

1. e4 c5 2. Nf3 d6 3. d4 cxd4 4.
Nxd4 Nf6 5. Nc3 a6 6. Be3 e5 7. Nf3 Qc7 8. a4 Be6 9. Be2 Be7 10. a5 Qc6 11. Ng5 O-O 12. Ra4 d5 13. Nxe6 fxe6 14. exd5 exd5 15. Bf3 e4 16. Be2 Bc5 17. O-O Bxe3 18.
fxe3 Qc5 19. Qd4 Qxd4 20. exd4 Nc6 21. Nd1 Ne8 22. Ne3 Rxf1+ 23. Kxf1 Nf6 24. c3 Kf7 25. Ke1 Ke6 26. Ra1 Rf8 27. Kd2 g6 28. b4 Ne8 29.
Bg4+ Kd6 30. Rf1 Rxf1 31. Nxf1 Nf6 32. Bh3 Ne7 33. Ne3 h5 34. g3 g5 35. Ke1 g4 36.
Bf1 Ne8 37. Kd2 Nc7 38. h3 gxh3 39. Bxh3 Ne8 40. Nf5+ Nxf5 41. Bxf5 Nf6 42. Ke3 Kc6 43. Bc8 Ne8 44. Bf5 Nd6 45. Bg6 Nc4+ 46. Ke2 e3 47. Bxh5 Kb5 48. Bg6 Ka4 49. Bd3 Kb3 50. g4 Nd6 51. g5 Ne8 52. Kxe3 Kxc3 53. b5 axb5 54. Bxb5 Ng7 55. Bd7 Kb4 56. Kf4 Kxa5 57. Ke5 b5 0-1

[Event "*** Titled Tuesday Blitz"]
[Site "Chess.com"]
[Date "2020.03.03"]
[Round "1"]
[White "Keaton87"]
[Black "Eloist"]
[Result "1-0"]
[WhiteElo "2637"]
[BlackElo "2280"]
[TimeControl "180+1"]
[EndTime "13:09:05 PST"]
[Termination "Keaton87 won on time"]

1. d4 e6 2. e4 d5 3. Nd2 Nf6 4. e5 Nfd7 5. Bd3 c5 6. c3 b6 7. Qe2 cxd4 8. cxd4 Nc6 9. Ngf3 Nb4 10. O-O Nxd3 11. Qxd3 a5 12. Re1 Ba6 13. Qe3 Be7 14.
Nf1 Bxf1 15. Rxf1 O-O 16. Bd2 Qc7 17. Rac1 Qb7 18. Rc2 Rfc8 19. Rfc1 Rxc2 20. Rxc2 Rc8 21. Qd3 Rc6 22. a4 Qc7 23. Rxc6 Qxc6 24. b3 Bb4 25.
Kf1 Bxd2 26. Nxd2 Qc1+ 27. Ke2 Qb2 28. Qb5 Nf8 29. Qxb6 h6 30. Kd3 Ng6 31. g3 Kh7 32.
Qxa5 Ne7 33. Qa7 Nf5 34. g4 Nh4 35. Qxf7 Ng2 36. g5 hxg5 37. Qh5+ Kg8 38. Qxg5 Ne1+ 39. Ke2 Nc2 40. Qg4 Nxd4+ 41. Kd3 Nf5 42. a5 Qxe5 43.
a6 Qb8 44. Qa4 Qa7 45. Qb5 Qd4+ 46. Kc2 Qxf2 47. Qb8+ Kh7 48. a7 Nd4+ 49. Kd3 Nc6 50.
a8=Q Qd4+ 51. Kc2 Nxb8 52. Qxb8 e5 53. Qc8 e4 54. Qc3 Qf2 55. Qh3+ Kg8 56. Qe6+ Kh8 57.
Qxd5 e3 58. Qd8+ Kh7 59. Qd3+ Kh8 60. Kc3 exd2 61. Qxd2 Qc5+ 62. Kb2 Qe5+ 63. Ka2 Qb5 64.
Qd6 Qa5+ 65. Kb2 Qe1 66. b4 Qf2+ 67. Kb3 Qf7+ 68. Ka4 Qa7+ 69. Kb5 Qb7+ 70. Kc5 Qa7+ 71. Kc4 Qa2+ 72. Kb5 Qe2+ 73. Kb6 Qf2+ 74. Kc7 Qa7+ 75. Kd8 Qa8+ 76. Ke7 Qe4+ 77. Kf8 Qf5+ 78. Ke8 Qe4+ 79. Qe7 Qa8+ 80. Kd7 Qb7+ 81. Ke6 Qb6+ 82. Qd6 1-0

[Event "*** Titled Tuesday Blitz"]
[Site "Chess.com"]
[Date "2020.03.03"]
[Round "1"]
[White "FrenchMonster2002"]
[Black "pouya21"]
[Result "0-1"]
[WhiteElo "2415"]
[BlackElo "2788"]
[TimeControl "180+1"]
[EndTime "13:09:12 PST"]
[Termination "pouya21 won by checkmate"]

1. e4 c5 2. Nc3 d6 3. d4 cxd4 4. Qxd4 Nc6 5. Qd2 g6 6. b3 Bh6 7. f4 Nf6 8. Bb2 O-O 9. O-O-O a5 10. a4 Qb6 11. Kb1 Bg4 12. Be2 Bxe2 13. Ngxe2 Rac8 14.
h3 Nb4 15. g4 Bg7 16. Rc1 Qc6 17. Qe3 e5 18. g5 exf4 19. Nxf4 Nxe4 20. Nxe4 Rfe8 21.
Rhe1 d5 22. Bxg7 Rxe4 23. Qd2 Kxg7 24. Rxe4 dxe4 25. Qd4+ Kg8 26. c3 e3 27. Qxe3 Nd5 28.
Nxd5 Qxd5 29. Kb2 b5 30. axb5 Qxb5 31. c4 Qf5 32. Rc3 h5 33. gxh6 Kh7 34. Qf3 Qd7 35. Qd3 Qc7 36. Qe3 a4 37. bxa4 Qa5 38. Kc1 Qxa4 39. Qf3 Qd7 40. Kc2 Kxh6 41. Qe3+ Kg7 42. Qd3 Qe6 43. Qd4+ Kg8 44. Qd3 Ra8 45. c5 Ra2+ 46.
Kb1 Ra6 47. Qc4 Qe1+ 48. Rc1 Qa5 49. c6 Rb6+ 50. Kc2 Qf5+ 51. Kd1 Qf3+ 52. Kd2 Qg2+ 53.
Kd3 Qxh3+ 54. Kd2 Qg2+ 55. Kd3 Qf3+ 56. Kd2 Rb2+ 57. Rc2 Qf2+ 58. Kd3 Qf5+ 59. Kd2 Rxc2+ 60. Qxc2 Qf4+ 61. Kd3 Qd6+ 62. Ke3 Qc7 63. Kd4 Kf8 64.
Kc5 Ke8 65. Qe4+ Kd8 66. Qd4+ Kc8 67. Qh8+ Qd8 68. Qg7 Qe7+ 69. Kb6 Qb4+ 70. Ka6 Qa4+ 71. Kb6 Qb3+ 72. Ka6 Kc7 73. Qf6 Qb6# 0-1

[Event "*** Titled Tuesday Blitz"]
[Site "Chess.com"]
[Date "2020.03.03"]
[Round "1"]
[White "metra93"]
[Black "AndreyNeves"]
[Result "1/2-1/2"]
[WhiteElo "2597"]
[BlackElo "2208"]
[TimeControl "180+1"]
[EndTime "13:09:23 PST"]
[Termination "Game drawn by repetition"]

1. d4 Nf6 2. c4 e6 3. Nc3 Bb4 4. e3 O-O 5. Bd3 d5 6. Nf3 c5 7. O-O Nc6 8. cxd5 exd5 9. a3 Bxc3 10. bxc3 Bg4 11. h3 Bh5 12. Rb1 b6 13. Qa4 Bxf3 14.
Qxc6 Rc8 15. Qa4 Be4 16. Qd1 c4 17. Bxe4 Nxe4 18. Qc2 f5 19. a4 Rc6 20. f3 Ng3 21. Re1 Rg6 22. Qf2 Qd7 23. a5 b5 24. Ba3 Re8 25. Bc5 a6 26. Bb6 h5 27. Qd2 h4 28.
Kf2 Qd6 29. Rg1 Rf6 30. Bc5 Qc7 31. Bb6 Qf7 32. Rge1 Rfe6 33. Rbc1 Kh8 34. Kg1 Kh7 35. e4 fxe4 36. Qg5 Qf6 37. Qxd5 exf3 38. Rxe6 Qxe6 39. Qxe6 Rxe6 40. Kf2 fxg2 41. Kxg2 g5 42. Bc7 Ne4 43. Re1 Nc5 44. Rxe6 Nxe6 45. Be5 Kg6 46. d5 Nc5 47. d6 Kf5 48. Bd4 Nd7 49. Kf3 Nf6 50. Bxf6 Kxf6 51. Kg4 b4 52. cxb4 c3 53. b5 c2 54. b6 c1=Q 55. b7 Qf4+ 56. Kh5 Qf3+ 57. Kh6 Qf4 58. b8=Q g4+ 59. Kh7 Qf5+ 60. Kh8 Qh5+ 61.
Kg8 Qg6+ 62. Kf8 Qg7+ 63. Ke8 Qg8+ 64. Kd7 Qxb8 65. Kc6 Qb5+ 66. Kc7 gxh3 67. d7 h2 68. d8=Q+ Kf5 69. Qf8+ Kg4 70. Qg7+ Kh3 71. Qc3+ Kg2 72. Qd2+ Kh3 73. Qc3+ Kg4 74. Qg7+ Kh5 75. Qh7+ Kg4 76. Qg7+ 1/2-1/2

[Event "*** Titled Tuesday Blitz"]
[Site "Chess.com"]
[Date "2020.03.03"]
[Round "1"]
[White "gemarin"]
[Black "riconaipe"]
[Result "1/2-1/2"]
[WhiteElo "2099"]
[BlackElo "2564"]
[TimeControl "180+1"]
[EndTime "13:09:31 PST"]
[Termination "Game drawn by repetition"]

1. d4 Nf6 2. c4 e6 3. a3 d5 4. Nc3 Be7 5. Bg5 O-O 6. e3 c6 7.
Nf3 Nbd7 8. Bd3 Re8 9. O-O Nf8 10.
Qc2 Ng6 11. Rfd1 Nd7 12. Bxg6 hxg6 13. Bf4 g5 14. Bg3 g4 15. Ne5 Nxe5 16. dxe5 Bf8 17. e4 d4 18. b4 b6 19. c5 bxc5 20. bxc5 Bxc5 21. Na4 Bb6 22. Nxb6 Qxb6 23. Rab1 Qc7 24. Qc5 Ba6 25. Rxd4 Rad8 26. Rd6 Rc8 27. Rbd1 Qb6 28. Qc3 Qb5 29. Bh4 Qc4 30. Qxc4 Bxc4 31. Rc1 Bb5 32. Rc5 a5 33. a4 Bxa4 34. Rxa5 Ra8 35. Rxa8 Rxa8 36.
f3 gxf3 37. gxf3 c5 38. Rd8+ Rxd8 39. Bxd8 c4 40. Ba5 Kf8 41. Kf2 Ke7 42. Ke3 Kd7 43. Kd4 Bb3 44. Bb4 Kc6 45. Bf8 g6 46. f4 Kb5 47. Be7 Bc2 48. h4 Bd3 49. Bd6 Ka4 50. Kc3 Kb5 51. Kd4 Be2 52. Be7 Bf3 53. Bd6 Bg2 54. Be7 Bf1 55. Bd6 Ka4 56. Kc3 Bd3 57. Be7 Kb5 58. Kd4 Kc6 59. Bf8 Bf1 60. Be7 Kd7 61. Bf8 Ke8 62. Bb4 Kd8 63. Bc5 Kc8 64. Be7 Kb8 65. Bd6+ Ka8 66. Be7 Ka7 67. Bd6 Ka6 68. Be7 Ka5 69. Bd6 Ka4 70.
Kc3 Ka5 71. Kd4 Bd3 72. Be7 Ka4 73. Kc3 Bxe4 74. Kxc4 Bd5+ 75. Kd4 Kb3 76. Ke3 Kc3 77. Kf2 Kd3 78. Kg3 Ke4 79. Bf6 Kf5 80. Be7 Bc4 81. Bf6 Bb5 82. Be7 Ba4 83. Bf6 Bd1 84. Be7 Bh5 85. Bf6 Bd1 86. Be7 g5 87. Bf6 gxf4+ 88. Kf2 Bh5 89. Bg7 Kg4 90. Bf6 Bg6 91. Be7 f5 92.
Bf6 f3 93. Be7 Kf4 94. Bf6 Ke4 95. Bg7 Bh5 96. Bf6 f4 97. Bg7 Kf5 98. Bf6 Kg4 99. Be7 Be8 100. Bf6 Kf5 101. Bg7 Bh5 102. Bf6 Kg6 103. Bh8 Kf7 104. Bf6 Ke8 105. Bg5 Kd7 106. Bf6 Kc6 107. Bg5 Kd5 108. Bf6 Ke4 109. Bg7 Kf5 1/2-1/2